 Dungeon Crawl Stone Soup version 0.26-a0-611-g354ed81502 (webtiles) character file.

Game seed: 7919171597604856448

161 Hastur the Skirmisher (level 5, -12/34 HPs)
             Began as a Gargoyle Monk on Sept 6, 2020.
             Was a Believer of the Shining One.
             Mangled by an ogre
             ... wielding a +0 giant club
              (22 damage)
             ... on level 4 of the Dungeon.
             The game lasted 00:08:04 (3602 turns).

Hastur the Skirmisher (Gargoyle Monk)               Turns: 3602, Time: 00:08:04

Health: -12/34     AC: 10    Str: 16    XL:     5   Next: 42%
Magic:  5/5        EV: 10    Int: 10    God:    the Shining One [**....]
Gold:   214        SH:  0    Dex: 12    Spells: 4/4 levels left

rFire    . . .     SeeInvis .   a - +0 mace
rCold    . . .     Faith    .   (no shield)
rNeg     + + .     Spirit   .   s - +0 scale mail
rPois    ∞         Reflect  .   (no helmet)
rElec    +         Harm     .   (no cloak)
rCorr    .                      (no gloves)
MR       .....                  (no boots)
Stlth    ..........             (no amulet)
HPRegen  0.11/turn              (no ring)
MPRegen  0.09/turn              (no ring)

@: glowing
A: negative energy resistance 1, electricity resistance, unbreathing,
petrification resistance, rot immunity, AC +4
a: Divine Shield, Renounce Religion


You were on level 4 of the Dungeon.
You worshipped the Shining One.
The Shining One was pleased with you.
You visited 1 branch of the dungeon, and saw 4 of its levels.

You collected 214 gold pieces.

Inventory:

Hand Weapons
 a - a +0 mace (weapon)
Armour
 b - a +0 robe
 m - a +0 scale mail
   (You found it on level 2 of the Dungeon)
 s - a +0 scale mail (worn)
   (You found it on level 3 of the Dungeon)
Jewellery
 g - an uncursed amulet of faith {unknown}
   (You found it on level 1 of the Dungeon)
 i - an uncursed amulet of the acrobat {unknown}
   (You found it on level 2 of the Dungeon)
 r - an uncursed ring of protection from fire {unknown}
   (You found it on level 3 of the Dungeon)
 u - an uncursed amulet of reflection {unknown}
   (You found it on level 3 of the Dungeon)
Wands
 l - a wand of polymorph (12)
   (You found it on level 2 of the Dungeon)
Scrolls
 c - a scroll of fear {unknown}
 d - 3 scrolls of enchant armour {unknown}
 e - 2 scrolls of blinking {unknown}
 j - 3 scrolls of identify {unknown}
 n - 2 scrolls of remove curse {unknown}
 o - a scroll of random uselessness {unknown}
 p - a scroll of teleportation {unknown}
 q - 2 scrolls of fog {unknown}
Potions
 f - 2 potions of curing {unknown}
 h - a potion of berserk rage {unknown}
 k - a potion of might {unknown}
 t - a potion of flight {unknown}


   Skills:
 + Level 4.5 Fighting
 + Level 4.2 Maces & Flails
 + Level 3.0 Armour
 - Level 2.4 Dodging
 - Level 2.1 Stealth


You had 4 spell levels left.
You didn't know any spells.
Your spell library was empty.

Dungeon Overview and Level Annotations

Branches:
Dungeon (4/15)
 Temple: D:4-7

Altars:
Trog
Uskayaw
The Shining One


Innate Abilities, Weirdness & Mutations

You are resistant to torment.
Your stone body is resilient. (AC +4)
You are immune to poison.
You resist negative energy. (rN+)
You are resistant to electric shocks. (rElec)
You can survive without breathing.
You are immune to petrification.
You are immune to rotting.


Message History

The worm bites you but does no damage.
You hit the worm. The worm bites you but does no damage.
You hit the worm but do no damage. You hit the worm. The worm bites you.
You hit the worm. The worm bites you.
You sock the worm! The worm bites you.
You thump the worm!
You kill the worm!
Your Armour skill increases to level 3!
You start resting.
You see here a worm corpse.
You see here a worm corpse.
There is a stone staircase leading down here.
Done exploring.
Done exploring.
Done exploring.
Search for what [Enter for "."]? .
Search for what [Enter for "."]? tso Can't find anything matching that.
Search for what [Enter for "tso", or ? for help]? the shining You see here a frilled lizard corpse.
There is a shaft here.
There is a stone staircase leading up here.
You climb upwards.
There is a stone staircase leading down here.
There is a glowing golden altar of the Shining One here.
You kneel at the altar of the Shining One.
The Shining One welcomes you!
You and your allies can now gain power from killing the unholy and evil.
You can now call upon the Shining One for a divine shield.
There is a stone staircase leading down here.
You climb downwards.
There is a stone staircase leading up here.
You can't see that place. [an escape hatch in the floor.]
There is a stone staircase leading down here.
You climb downwards.
There is a stone staircase leading up here.
An ogre comes into view. It is wielding a +0 giant club.
The ogre shouts!
You hit the ogre. The ogre closely misses you.
You hit the ogre. The ogre hits you with a +0 giant club!
You hit the ogre but do no damage.
The ogre hits you with a +0 giant club!!
Ouch! That really hurt!
* * * LOW HITPOINT WARNING * * *
There is a stone staircase leading up here.
The ogre hits you with a +0 giant club!!
Ouch! That really hurt!
You die...

##....####
#..#######....#
#......#......#
#......#......#
#......#......#
#......#......#
#......#......#
#......#......#
#...@O.#......+
#....#..#..####
############


You could see an ogre.

Vanquished Creatures
  6 adders
  An ooze (D:1)
  5 worms
  A dart slug (D:1)
  2 leopard geckos
  6 orcs (D:3)
  7 bats
  6 giant cockroaches
  5 goblins
  10 hobgoblins
  10 jackals
  4 frilled lizards
  6 kobolds
  11 rats
80 creatures vanquished.

Notes
Turn   | Place    | Note
-------+----------+-------------------------------------------
     0 | D:1      | Hastur the Gargoyle Monk began the quest for the Orb.
     0 | D:1      | Reached XP level 1. HP: 14/14 MP: 1/1
   311 | D:1      | Reached XP level 2. HP: 13/19 MP: 2/2
   469 | D:1      | Reached skill level 1 in Armour
   754 | D:1      | Reached XP level 3. HP: 21/24 MP: 3/3
  1385 | D:2      | Reached XP level 4. HP: 29/29 MP: 4/4
  1398 | D:2      | Found a glowing golden altar of the Shining One.
  2566 | D:3      | Reached XP level 5. HP: 20/34 MP: 5/5
  2789 | D:3      | Found a hide-covered altar of Uskayaw.
  3034 | D:3      | Found a bloodstained altar of Trog.
  3512 | D:2      | Became a worshipper of the Shining One
  3512 | D:2      | Reached * piety under the Shining One
  3512 | D:2      | Reached ** piety under the Shining One
  3578 | D:4      | Noticed an ogre
  3602 | D:4      | Mangled by an ogre

Illustrated notes

Levels and vault maps discovered:
D:1:      nzn_arrival_settlement, layout_basic, serial_glass, glass_columns_b,
          glass_columns_a
D:2:      layout_basic, lemuel_round_altar, minmay_unequal
D:3:      kennysheep_big_flooded_room, layout_loops_cross, old_standard_altar,
          nicolae_overflow_crystal_walls
D:4:      layout_gridville, hangedman_ru_absence, lemuel_coloured_pillars_altar,
          minmay_temple_entry_antechambers, serial_shops, shop,
          grunt_ministairs_1, uniq_sigmund

Skill      XL: |  1  2  3  4  5 |
---------------+----------------+-----
Armour         | 1 2 3 |  3.0
Fighting       | 4 |  4.5
Maces & Flails | 4 |  4.2
Dodging        | |  2.4
Stealth        | |  2.1

Action                   |  1- 3 |  4- 6 || total
-------------------------+-------+-------++-------
Melee: Mace              |   107 |   178 ||   285
 Stab: Sleeping          |     4 |     2 ||     6
       Distracted        |       |     1 ||     1
Armor: Robe              |    43 |    60 ||   103
       Scale mail        |       |    14 ||    14
Dodge: Dodged            |    87 |   122 ||   209

Table legend: (Time is in decaauts)
 A = Elapsed time spent in this place.
 B = Non-inter-level travel time spent in this place.
 C = Inter-level travel time spent in this place.
 D = Time resting spent in this place.
 E = Time spent auto-exploring this place.
 F = Levels seen in this place.
 G = Mean time per level.
                   A        B        C        D        E       F      G
               +--------+--------+--------+--------+--------+-----+--------+
         Total |   3664 |   3520 |    144 |    665 |   2076 |   4 |  916.0 |
       Dungeon |   3664 |   3520 |    144 |    665 |   2076 |   4 |  916.0 |
               +--------+--------+--------+--------+--------+-----+--------+

Top non-repeatable levels by time:
     D:1: 1263 daAuts
     D:3: 1261 daAuts
     D:2: 1100 daAuts
     D:4: 38 daAuts
